 Dungeon Sprint DCSS version 0.15-a0-2305-gac22422 (webtiles) character file.

37368 runewalsh the Devastator (level 13, -16/71 HPs)
             Began as an Octopode Air Elementalist on July 28, 2014.
             Was the Champion of Vehumet.
             Hit by a large rock thrown by a stone giant (33 damage)
             ... in the Dungeon (Sprint IX: "|||||||||||||||||||||||||||||").
             The game lasted 00:26:02 (5355 turns).

runewalsh the Devastator (OpAE)                     Turns: 5355, Time: 00:26:04

HP -16/71        AC  7     Str  7 (8)  XL: 13   Next: 96%
MP  14/36        EV 14     Int 21      God: Vehumet [******]
Gold 569         SH  0     Dex 12      Spells:  9 memorised,  7 levels left

rFire  . . .     SeeInvis .     e - staff of energy
rCold  . . .     Clarity  .     (no shield)
rNeg   . . .     rCorr    .     (helmet restricted)
rPois  +         rRot     .     (no amulet)
rElec  .         Spirit   .     p - +2 ring of protection
SustAb .         Warding  .     q - +2 ring of evasion
rMut   .         NoTele   +     A - ring of protection from magic
Gourm  .                        D - ring of poison resistance
MR     +....                    (no ring)
                                (no ring)
                                (no ring)
                                (no ring)

@: very slightly contaminated, repel missiles, somewhat resistant to hostile
enchantments, fairly stealthy
A: almost no armour, amphibious, 8 rings, constrict 8, rough black scales 1,
camouflage 1, deterioration 1, gelatinous body 1, evolution 1
a: Renounce Religion


You were in the Dungeon.
You worshipped Vehumet.
Vehumet was exalted by your worship.
You were not hungry.

You visited 1 branch You collected 1924 gold pieces.
You spent 1355 gold pieces at shops.

Inventory:

Hand weapons
 w - a +0 dagger
Armour
 H - a +1 large shield
Magical devices
 n - a wand of draining (5)
Comestibles
 c - 13 bread rations
 x - 36 fruits
 z - 12 meat rations
Scrolls
 i - a scroll of blinking
 j - 4 scrolls of enchant armour
 l - 3 scrolls of remove curse
 m - 2 scrolls of amnesia
 r - 2 scrolls of enchant weapon
 s - 2 scrolls of recharging
 t - a scroll of fog
 u - 3 scrolls of identify
 G - a scroll of fear
Jewellery
 p - a +2 ring of protection (left tentacle)
 q - a +2 ring of evasion (right tentacle)
 A - a ring of protection from magic (on tentacle)
 B - an uncursed ring of fire
 C - an uncursed ring of fire
 D - a ring of poison resistance (on tentacle)
Potions
 d - 4 potions of curing
 f - a potion of haste
 g - 2 potions of magic
 h - 3 potions of might
 k - a potion of invisibility
 o - 3 potions of heal wounds
 v - 2 potions of agility
 E - a potion of cure mutation
 F - a potion of restore abilities
Books
 b - a book of Air

   Spells                             Type                      Level
   *Shock                             Conjuration/Air              1
   *Swiftness                         Charms/Air                   2
   *Repel Missiles                    Charms/Air                   2
   Flight                             Charms/Air                   3
   *Static Discharge                  Conjuration/Air              3
   *Lightning Bolt                    Conjuration/Air              5
 y - the Almanac of Malediction
   (You bought it in a shop in the Dungeon)

   Spells                             Type                      Level
   Sure Blade                         Hexes/Charms                 2
   Tukima's Dance                     Hexes                        3
   Enslavement                        Hexes                        4
Magical staves
 e - an uncursed staff of energy (weapon)


   Skills:
 - Level 2.0 Dodging
 - Level 2.6 Stealth
 - Level 16.2 Spellcasting
 + Level 22.8 Conjurations
 * Level 18.9 Ice Magic
 - Level 7.0 Air Magic


You had 7 spell levels left.
You knew the following spells:

 Your Spells              Type           Power        Failure   Level  Hunger
a - Shock                 Conj/Air       ####         0%          1    None
d - Mephitic Cloud        Conj/Pois/Air  ######..     1%          3    None
f - Freezing Cloud        Conj/Ice/Air   ######....   1%          6    None
h - Bolt of Cold          Conj/Ice       #######...   1%          6    None
m - Repel Missiles        Chrm/Air       ####..       1%          2    None
s - Static Discharge      Conj/Air       ######..     1%          3    None
x - Glaciate              Conj/Ice       #######...   19%         9    None
H - Lightning Bolt        Conj/Air       ######....   1%          5    None
W - Swiftness             Chrm/Air       ####....     1%          2    None


Dungeon Overview and Level Annotations

Branches:
Dungeon (1/1)

Altars:
Cheibriados
Dithmenos
Elyvilon
Fedhas
Gozag
Kikubaaqudgha
Makhleb
Nemelex Xobeh
Okawaru
Qazlal
Sif Muna
Trog
Vehumet
Xom
Yredelemnul
Zin
The Shining One
Beogh
Jiyva
Lugonu

Shops:
D *%}!


Innate Abilities, Weirdness & Mutations

You cannot wear most types of armour.
You are amphibious.
You can wear up to eight rings at the same time.
You can use your tentacles to constrict many enemies at once.
Your skin changes colour to match your surroundings (Stealth).
Your rubbery body absorbs attacks (AC +1).
You are partially covered in rough black scales (AC +4, Dex -1).
Your body is slowly deteriorating.
You evolve.


Message History

Aim: an ogre mage, wielding a halberd and wearing a robe (freezing vapour, moderately wounded)
You conjure a mighty blast of ice!
The great icy blast engulfs the ogre mage.
You kill the ogre mage!
Vehumet accepts your kill.
You feel your power returning.
The great icy blast engulfs the stone giant.
The stone giant is severely wounded.
The stone giant is flash-frozen.
The great icy blast engulfs something.
The great icy blast engulfs the hill giant.
The hill giant is severely wounded.
The hill giant is flash-frozen.
The great icy blast engulfs the emperor scorpion.
The emperor scorpion is moderately wounded.
The emperor scorpion is flash-frozen.
You are engulfed in freezing vapours.
* * * LOW HITPOINT WARNING * * *
You hear a shout! x5
The stone giant is engulfed in freezing vapours.
The stone giant throws a large rock.
The large rock hits you!!
You die...

▓.........')....)))))))).[[[[[[.[
▓▓▓▓▓▓▓▓▓▓▓▓▓▓▓▓▓▓▓▓▓▓▓▓▓▓▓▓▓▓▓▓▓
▓................................
▓.▓▓▓▓▓▓▓▓▓▓▓▓▓▓▓▓▓▓▓▓▓▓▓▓♣♣♣♣♣♣♣
▓...............'.........%..%...
▓▓▓▓▓▓▓▓▓▓▓▓▓▓▓▓▓▓▓▓▓▓▓▓▓▓♣♣♣♣♣♣♣
▓................)...............
▓.▓▓▓▓▓▓▓▓▓▓▓▓▓▓▓▓▓▓▓▓▓▓▓▓▓▓▓▓▓▓▓
▓..........§§§§§@§§C§§Csih
▓▓▓▓▓▓▓▓▓▓▓▓▓▓▓▓▓▓▓▓▓▓▓▓▓▓


You could see an emperor scorpion, a stone giant, a hill giant and a spriggan
air mage.

Vanquished Creatures
  Mennas (D)
  A thorn hunter (D)
  Maud (D)
  A greater naga (D)
  An emperor scorpion (D)
  An ettin (D)
  A merfolk javelineer (D)
  A fire dragon (D)
  An ogre mage (D)
  A naga warrior (D)
  A hydra (D)
  2 death yaks (D)
  2 alligators (D)
  A satyr (D)
  2 orc high priests (D)
  A deep elf knight (D)
  A wizard (D)
  An unseen horror (D)
  An orb spider (D)
  5 lindwurms (D)
  A mana viper (D)
  A wolf spider (D)
  6 orc knights (D)
  A griffon (D)
  2 cyclopes (D)
  A red wasp (D)
  2 water nymphs (D)
  3 orc sorcerers (D)
  3 black mambas (D)
  A moth of wrath (D)
  4 spiny frogs (D)
  A naga mage (D)
  Psyche (D)
  A komodo dragon (D)
  2 demonic crawlers (D)
  A deep elf priest (D)
  A giant leech (D)
  A red devil (D)
  A jumping spider (D)
  3 merfolk (D)
  A snapping turtle (D)
  A trapdoor spider (D)
  A shadow (D)
  A redback (D)
  A water elemental (D)
  Eustachio (D)
  A yak (D)
  2 water moccasins (D)
  A naga (D)
  3 porcupines (D)
  2 swamp drakes (D)
  A sky beast (D)
  9 orc warriors (D)
  A spider (D)
  2 crocodiles (D)
  2 brain worms (D)
  2 giant frogs (D)
  A wight (D)
  A hound (D)
  5 orc priests (D)
  5 orc wizards (D)
  2 worker ants (D)
  An iguana (D)
  2 adders (D)
  A green rat (D)
  2 worms (D)
  An ufetubus (D)
  A giant gecko (D)
  9 orcs (D)
  A jackal (D)
  A kobold (D)
  2 quokkas (D)
  A giant gecko skeleton (D)
  A giant newt zombie (D)
  2 giant spores (D)
  2 goblins (D)
  A hobgoblin skeleton (D)
  A hobgoblin zombie (D)
  A rat (D)
  A ballistomycete (D)
141 creatures vanquished.

Vanquished Creatures (others)
  A centaur warrior (D)
  A manticore (D)
  A kobold demonologist (D)
  An ice beast (D)
  2 ballistomycetes (D)
  A block of ice (D)
7 creatures vanquished.

Grand Total: 148 creatures vanquished

Notes
Turn   | Place    | Note
--------------------------------------------------------------
     0 | D        | runewalsh, the Octopode Air Elementalist, began the quest for the Orb.
     0 | D        | Reached XP level 1. HP: 11/11 MP: 3/3
   109 | D        | Noticed an iguana
   110 | D        | Reached XP level 2. HP: 17/17 MP: 3/5
   167 | D        | Killed an iguana
   167 | D        | Reached skill level 4 in Air Magic
   167 | D        | Reached XP level 3. HP: 21/21 MP: 5/8
   190 | D        | Found a glowing silver altar of Zin.
   190 | D        | Found a glowing golden altar of the Shining One.
   190 | D        | Found an ancient bone altar of Kikubaaqudgha.
   190 | D        | Found a basalt altar of Yredelemnul.
   190 | D        | Found a shimmering altar of Xom.
   190 | D        | Found a radiant altar of Vehumet.
   190 | D        | Found an iron altar of Okawaru.
   191 | D        | Found a burning altar of Makhleb.
   192 | D        | Found a deep blue altar of Sif Muna.
   194 | D        | Found a bloodstained altar of Trog.
   195 | D        | Found a sparkling altar of Nemelex Xobeh.
   196 | D        | Found a white marble altar of Elyvilon.
   197 | D        | Found a roughly hewn altar of Beogh.
   198 | D        | Found a viscous altar of Jiyva.
   199 | D        | Became a worshipper of Vehumet
   213 | D        | Found a corrupted altar of Lugonu.
   214 | D        | Found a blossoming altar of Fedhas.
   215 | D        | Found a snail-covered altar of Cheibriados.
   216 | D        | Found a shadowy altar of Dithmenos.
   217 | D        | Found a stormy altar of Qazlal.
   218 | D        | Found an opulent altar of Gozag.
   251 | D        | Learned a level 3 spell: Static Discharge
   254 | D        | Learned a level 2 spell: Swiftness
   257 | D        | Learned a level 2 spell: Repel Missiles
   429 | D        | Noticed a worker ant
   429 | D        | Noticed a sky beast
   436 | D        | Killed a worker ant
   436 | D        | Reached skill level 5 in Air Magic
   436 | D        | Reached XP level 4. HP: 27/27 MP: 7/11
   444 | D        | Killed a sky beast
   444 | D        | Acquired Vehumet's first power
   444 | D        | Offered knowledge of Magic Dart by Vehumet.
   444 | D        | Reached skill level 5 in Spellcasting
   444 | D        | Reached skill level 6 in Conjurations
   444 | D        | Reached XP level 5. HP: 13/31 MP: 9/16
   614 | D        | Offered knowledge of Flame Tongue by Vehumet.
   614 | D        | Reached skill level 7 in Air Magic
   635 | D        | Learned a level 5 spell: Lightning Bolt
   661 | D        | Noticed a worker ant
   661 | D        | Noticed an ice beast
   661 | D        | Noticed a manticore
   661 | D        | Noticed a crocodile
   661 | D        | Noticed a wight
   664 | D        | Killed a worker ant
   664 | D        | Killed an ice beast
   666 | D        | Killed a manticore
   666 | D        | Reached skill level 9 in Conjurations
   666 | D        | Reached XP level 6. HP: 36/36 MP: 7/20
   774 | D        | Killed a crocodile
   774 | D        | Reached skill level 10 in Conjurations
   774 | D        | Reached XP level 7. HP: 41/41 MP: 1/22
   829 | D        | Killed a wight
   829 | D        | Offered knowledge of Mephitic Cloud by Vehumet.
   834 | D        | Learned a level 3 spell: Mephitic Cloud
  1097 | D        | Noticed a hound
  1097 | D        | Noticed a crocodile
  1097 | D        | Noticed a seven-headed hydra
  1097 | D        | Noticed a giant frog
  1097 | D        | Noticed a spiny frog
  1097 | D        | Noticed a spiny frog
  1097 | D        | Noticed a porcupine
  1098 | D        | Killed a hound
  1098 | D        | Acquired Vehumet's second power
  1098 | D        | Killed a giant frog
  1099 | D        | Killed a crocodile
  1099 | D        | Offered knowledge of Inner Flame by Vehumet.
  1099 | D        | Reached skill level 11 in Conjurations
  1100 | D        | Noticed a death yak
  1106 | D        | Killed a seven-headed hydra
  1106 | D        | Reached skill level 10 in Spellcasting
  1106 | D        | Reached skill level 13 in Conjurations
  1106 | D        | Reached XP level 8. HP: 46/46 MP: 1/26
  1109 | D        | Killed a spiny frog
  1109 | D        | Acquired Vehumet's third power
  1109 | D        | Reached skill level 14 in Conjurations
  1109 | D        | Killed a spiny frog
  1109 | D        | Reached XP level 9. HP: 51/51 MP: 13/28
  1111 | D        | Killed a porcupine
  1226 | D        | Killed a death yak
  1226 | D        | Reached skill level 15 in Conjurations
  1298 | D        | Noticed a komodo dragon
  1298 | D        | Noticed a spiny frog
  1298 | D        | Noticed a porcupine
  1298 | D        | Noticed a giant frog
  1298 | D        | Noticed a griffon
  1302 | D        | Killed a porcupine
  1302 | D        | Offered knowledge of Ignite Poison by Vehumet.
  1304 | D        | Killed a giant frog
  1305 | D        | Killed a komodo dragon
  1305 | D        | Reached skill level 16 in Conjurations
  1305 | D        | Killed a spiny frog
  1305 | D        | Reached XP level 10. HP: 56/56 MP: 14/30
  1308 | D        | Noticed a yak
  1310 | D        | Noticed a porcupine
  1310 | D        | Killed a porcupine
  1311 | D        | Killed a yak
  1352 | D        | Killed a griffon
  1352 | D        | Reached skill level 17 in Conjurations
  1496 | D        | Noticed a brain worm
  1496 | D        | Noticed a lindwurm
  1496 | D        | Noticed a lindwurm
  1496 | D        | Noticed a lindwurm
  1496 | D        | Noticed a lindwurm
  1499 | D        | Killed a brain worm
  1499 | D        | Offered knowledge of Airstrike by Vehumet.
  1501 | D        | Killed a lindwurm
  1504 | D        | Killed a lindwurm
  1505 | D        | Killed a lindwurm
  1505 | D        | Reached skill level 18 in Conjurations
  1592 | D        | Noticed a lindwurm
  1594 | D        | Killed a lindwurm
  1668 | D        | Killed a lindwurm
  1882 | D        | Noticed an orc priest
  1882 | D        | Noticed an orc wizard
  1882 | D        | Noticed an orc warrior
  1882 | D        | Noticed an orc warrior
  1882 | D        | Noticed an orc warrior
  1882 | D        | Noticed an orc wizard
  1883 | D        | Offered knowledge of Bolt of Cold by Vehumet.
  1883 | D        | Killed an orc wizard
  1884 | D        | Noticed an orc priest
  1884 | D        | Killed an orc wizard
  1884 | D        | Killed an orc priest
  1885 | D        | Killed an orc priest
  1885 | D        | Killed an orc warrior
  1885 | D        | Reached XP level 11. HP: 56/61 MP: 20/32
  1885 | D        | Killed an orc warrior
  1885 | D        | Killed an orc warrior
  1886 | D        | Noticed an orc priest
  1906 | D        | Learned a level 6 spell: Bolt of Cold
  1906 | D        | Killed an orc priest
  1917 | D        | Noticed an orc priest
  1919 | D        | Noticed an orc wizard
  1921 | D        | Killed an orc priest
  1921 | D        | Killed an orc wizard
  1927 | D        | Noticed an orc priest
  1930 | D        | Killed an orc priest
  1939 | D        | Noticed an orc wizard
  1943 | D        | Killed an orc wizard
  2065 | D        | Noticed an orc knight
  2065 | D        | Noticed an orc warrior
  2065 | D        | Noticed an orc warrior
  2065 | D        | Noticed an orc warrior
  2065 | D        | Noticed an orc warrior
  2065 | D        | Noticed an orc warrior
  2066 | D        | Killed an orc warrior
  2066 | D        | Offered knowledge of Bolt of Fire by Vehumet.
  2066 | D        | Reached skill level 19 in Conjurations
  2067 | D        | Noticed an orc knight
  2067 | D        | Killed an orc warrior
  2068 | D        | Killed an orc warrior
  2069 | D        | Killed an orc knight
  2069 | D        | Killed an orc warrior
  2069 | D        | Killed an orc warrior
  2133 | D        | Killed an orc knight
  2247 | D        | Noticed an orc sorcerer
  2249 | D        | Noticed an orc knight
  2252 | D        | Killed an orc sorcerer
  2253 | D        | Killed an orc knight
  2253 | D        | Offered knowledge of Force Lance by Vehumet.
  2261 | D        | Noticed an orc wizard
  2261 | D        | Killed an orc wizard
  2288 | D        | Noticed an orc warrior
  2290 | D        | Killed an orc warrior
  2386 | D        | Found Xaotaza's Assorted Antiques.
  2386 | D        | Noticed an orc sorcerer
  2386 | D        | Noticed an orc high priest
  2386 | D        | Noticed an orc knight
  2389 | D        | Killed an orc sorcerer
  2389 | D        | Reached skill level 20 in Conjurations
  2391 | D        | Noticed an orc high priest
  2391 | D        | Found Fugautal's Food Shoppe.
  2392 | D        | Killed an orc high priest
  2394 | D        | Noticed an orc knight
  2394 | D        | Killed an orc knight
  2490 | D        | Killed an orc high priest
  2643 | D        | Killed an orc knight
  2643 | D        | Offered knowledge of Spellforged Servitor by Vehumet.
  2643 | D        | Reached skill level 15 in Spellcasting
  2760 | D        | Found Gailatam's Gadget Emporium.
  2763 | D        | Found Klingiaf's Distillery.
  2765 | D        | Noticed an orc sorcerer
  2766 | D        | Noticed an orc knight
  2769 | D        | Killed an orc sorcerer
  2773 | D        | Killed an orc knight
  2773 | D        | Reached skill level 21 in Conjurations
  2793 | D        | Bought a glistering book for 375 gold pieces
  2793 | D        | Identified the Almanac of Malediction (You bought it in a shop in the Dungeon)
  2800 | D        | Bought a potion of beneficial mutation for 490 gold pieces
  2800 | D        | Bought a potion of beneficial mutation for 490 gold pieces
  2801 | D        | Gained mutation: You are partially covered in rough black scales (AC +4, Dex -1). [potion of beneficial mutation]
  2802 | D        | Gained mutation: You evolve. [potion of beneficial mutation]
  2949 | D        | Noticed Eustachio
  2954 | D        | Killed Eustachio
  3052 | D        | Noticed Psyche
  3055 | D        | Killed Psyche
  3206 | D        | Noticed a cyclops
  3206 | D        | Noticed a shadow
  3206 | D        | Noticed a kobold demonologist
  3206 | D        | Noticed a centaur warrior
  3206 | D        | Noticed a brain worm
  3208 | D        | Killed a cyclops
  3208 | D        | Reached XP level 12. HP: 66/66 MP: 23/34
  3208 | D        | Killed an unseen horror
  3208 | D        | Offered knowledge of Freezing Cloud by Vehumet.
  3209 | D        | Killed a kobold demonologist
  3210 | D        | Noticed a cyclops
  3211 | D        | Killed a centaur warrior
  3214 | D        | Noticed a fire dragon
  3219 | D        | Noticed a death yak
  3224 | D        | Killed a shadow
  3224 | D        | Killed a brain worm
  3225 | D        | Killed a cyclops
  3226 | D        | Noticed a wizard
  3226 | D        | Killed a fire dragon
  3226 | D        | Reached skill level 22 in Conjurations
  3279 | D        | Killed a wizard
  3301 | D        | Killed a death yak
  3396 | D        | Noticed an ettin
  3399 | D        | Killed an ettin
  3409 | D        | Noticed a deep elf knight
  3468 | D        | Killed a deep elf knight
  3489 | D        | Learned a level 6 spell: Freezing Cloud
  3561 | D        | Noticed a deep elf priest
  3563 | D        | Killed a deep elf priest
  3618 | D        | Noticed an emperor scorpion
  3815 | D        | Killed an emperor scorpion
  3815 | D        | Reached skill level 5 in Ice Magic
  4144 | D        | Noticed a demonic crawler
  4144 | D        | Noticed a demonic crawler
  4144 | D        | Noticed a wolf spider
  4144 | D        | Noticed an orb spider
  4144 | D        | Noticed a jumping spider
  4144 | D        | Noticed a spider
  4144 | D        | Noticed a redback
  4149 | D        | Killed a jumping spider
  4149 | D        | Killed a redback
  4150 | D        | Killed a wolf spider
  4151 | D        | Noticed a trapdoor spider
  4151 | D        | Killed an orb spider
  4152 | D        | Killed a demonic crawler
  4152 | D        | Offered knowledge of Orb of Destruction by Vehumet.
  4152 | D        | Killed a spider
  4153 | D        | HP: 3/66 [demonic crawler (3)]
  4154 | D        | Noticed a moth of wrath
  4157 | D        | Killed a demonic crawler
  4158 | D        | Killed a moth of wrath
  4160 | D        | Killed a trapdoor spider
  4217 | D        | Gained mutation: Your body is slowly deteriorating. [evolution]
  4428 | D        | Noticed a red wasp
  4428 | D        | Noticed a swamp drake
  4428 | D        | Noticed a swamp drake
  4428 | D        | Noticed a giant leech
  4428 | D        | Noticed a spiny frog
  4428 | D        | Noticed a thorn hunter
  4428 | D        | Noticed an alligator
  4429 | D        | Killed a swamp drake
  4429 | D        | Reached skill level 10 in Ice Magic
  4430 | D        | Killed a red wasp
  4430 | D        | Killed a swamp drake
  4430 | D        | Offered knowledge of Fire Storm by Vehumet.
  4430 | D        | Offered knowledge of Glaciate by Vehumet.
  4430 | D        | Offered knowledge of Tornado by Vehumet.
  4431 | D        | Killed a giant leech
  4431 | D        | Killed a spiny frog
  4431 | D        | Reached XP level 13. HP: 71/71 MP: 24/36
  4433 | D        | Noticed a water moccasin
  4434 | D        | Noticed an alligator
  4434 | D        | Killed an alligator
  4435 | D        | Killed a thorn hunter
  4435 | D        | Killed a water moccasin
  4578 | D        | Learned a level 9 spell: Glaciate
  4591 | D        | Killed an alligator
  4683 | D        | Noticed a merfolk javelineer
  4683 | D        | Noticed a water nymph
  4683 | D        | Noticed a merfolk
  4683 | D        | Noticed a merfolk
  4683 | D        | Noticed a satyr
  4683 | D        | Noticed a merfolk
  4683 | D        | Noticed a water nymph
  4684 | D        | Killed a merfolk
  4685 | D        | Killed a water nymph
  4685 | D        | Killed a merfolk
  4686 | D        | Killed a merfolk javelineer
  4688 | D        | Noticed a water elemental
  4689 | D        | Killed a water nymph
  4690 | D        | Killed a satyr
  4691 | D        | Killed a merfolk
  4691 | D        | Reached skill level 15 in Ice Magic
  4691 | D        | Killed a water elemental
  4696 | D        | Noticed a snapping turtle
  4707 | D        | Killed a snapping turtle
  4780 | D        | Noticed a mana viper
  4780 | D        | Noticed a black mamba
  4780 | D        | Noticed a water moccasin
  4780 | D        | Noticed a naga mage
  4780 | D        | Noticed a naga warrior
  4780 | D        | Noticed a black mamba
  4780 | D        | Noticed a greater naga
  4786 | D        | Killed a water moccasin
  4786 | D        | Killed a mana viper
  4788 | D        | Killed a black mamba
  4790 | D        | Killed a naga warrior
  4813 | D        | Killed a naga mage
  4814 | D        | Killed a black mamba
  4817 | D        | Killed a greater naga
  4823 | D        | Noticed a black mamba
  4833 | D        | Killed a black mamba
  4834 | D        | Noticed a naga
  4835 | D        | Killed a naga
  4879 | D        | Noticed Mennas
  5024 | D        | Killed Mennas
  5291 | D        | Noticed Maud
  5302 | D        | Killed Maud
  5352 | D        | Noticed an ogre mage
  5352 | D        | Noticed a stone giant
  5352 | D        | Noticed a vampire
  5352 | D        | Noticed a hill giant
  5352 | D        | Noticed an emperor scorpion
  5352 | D        | Noticed a spriggan air mage
  5352 | D        | Noticed a black bear
  5355 | D        | Killed an ogre mage
  5355 | D        | Hit by a large rock thrown by a stone giant

Action                   |  1- 3 |  4- 6 |  7- 9 | 10-12 | 13-15 || total
-------------------------+-------+-------+-------+-------+-------++-------
Melee: Unarmed           |     1 |       |       |       |       ||     1
       Dagger            |     5 |    12 |       |    13 |       ||    30
       Staff             |       |       |       |       |    11 ||    11
 Cast: Shock             |    13 |     2 |       |       |       ||    15
       Repel Missiles    |     1 |       |       |       |       ||     1
       Lightning Bolt    |       |     5 |    17 |    27 |       ||    49
       Mephitic Cloud    |       |       |       |     7 |       ||     7
       Static Discharge  |       |       |       |     3 |       ||     3
       Bolt of Cold      |       |       |       |    81 |    21 ||   102
       Freezing Cloud    |       |       |       |     3 |     4 ||     7
       Glaciate          |       |       |       |       |     7 ||     7
Evoke: Wand              |       |       |       |     2 |       ||     2
  Use: Potion            |     1 |       |     1 |     8 |     5 ||    15
       Scroll            |       |       |     1 |     1 |     1 ||     3
 Stab: Confused          |       |       |       |     1 |       ||     1
  Eat: Chunk             |       |       |     2 |     8 |     2 ||    12
       Fruit             |       |       |       |     2 |     2 ||     4
